Map: Orbital Shipyard

Players

Lifedefend - Winner!

  • Race: Terran Terran
  • League: Gold

SEiSHiN

  • Race: Terran Terran
  • League: Silver

VOD

Have the link to the VOD?

Description

Time

  • Played on: March 9, 2016, 9:32 a.m.
  • Length: 13:20
Show
View Real Time Build Order
Export as new Build Order

Lifedefend Terran - Winner!

Build Orders: Reaper Expand, Bio Tank 

Get SALT Encoding   

  12  0:02  SCV  
  13  0:19  SCV  
  14  0:29  Supply Depot  
  14  0:38  SCV  
  14  0:42  Refinery  
  15  0:51  SCV  
  15  0:53  Barracks  
  16  1:03  SCV  
  17  1:15  SCV  
  18  1:27  SCV  
  19  1:40  Reaper  
  19  1:41  Orbital Command  
  20  1:53  Command Center  
  20  2:06  Factory  
  20  2:07  Supply Depot  
  20  2:08  Refinery  
  20  2:10  SCV  
  21  2:21  Marine  
  22  2:23  SCV  
  23  2:35  SCV  
  24  2:39  Marine  
  25  3:07  SCV  
  25  3:08  Factory Tech Lab  
  25  3:11  Starport  
  27  3:15  Orbital Command  
  27  3:19  SCV, Marine  
  28  3:28  Engineering Bay, Siege Tank  
  28  3:31  SCV  
  28  3:33  Barracks  
  32  3:37  Marine  
  33  3:43  SCV  
  33  3:44  SCV  
  35  3:54  Marine  
  37  3:55  SCV  
  37  3:56  SCV  
  37  3:58  Medivac  
  40  4:03  Supply Depot  
  40  4:07  SCV  
  41  4:12  Marine  
  41  4:14  Missile Turret  
  41  4:15  SCV  
  41  4:16  Missile Turret  
  43  4:18  Siege Tank  
  43  4:21  Barracks Tech Lab  
  43  4:23  Barracks  
  46  4:24  SCV  
  46  4:30  Supply Depot  
  47  4:38  SCV x2  
  48  4:39  Refinery  
  49  4:50  SCV x2  
  50  5:01  Marine x2  
  50  5:02  SCV  
  50  5:04  Starport Reactor, Siege Tank  
  56  5:14  SCV x2  
  56  5:19  Marine  
  60  5:21  Missile Turret, Refinery  
  60  5:22  Missile Turret  
  60  5:23  Stimpack  
  60  5:24  Marauder  
  62  5:30  Supply Depot  
  62  5:33  SCV  
  62  5:34  Barracks Reactor  
  62  5:42  SCV  
  62  5:52  SCV, Marauder  
  62  5:54  SCV  
  62  5:55  Missile Turret  
  66  5:58  Supply Depot x2  
  66  6:02  Medivac x2  
  70  6:09  Barracks Tech Lab  
  71  6:11  SCV x2, Marine x2  
  71  6:14  Marauder, Supply Depot  
  76  6:23  SCV x2  
  78  6:29  Marauder, Marine x2  
  82  6:33  Siege Tank  
  82  6:35  SCV x2  
  87  6:47  SCV x2  
  87  6:50  Supply Depot  
  87  6:53  Liberator  
  89  6:55  Command Center  
  89  7:02  Marauder, Marine x2  
  89  7:03  Marauder  
  89  7:05  Combat Shields  
  95  7:13  SCV x2  
  100  7:20  Marine  
  80  8:13  Marauder, Marine  
  80  8:14  Marauder, Marine  
  80  8:15  SCV x2  
  88  8:22  Terran Infantry Weapons Level 1  
  88  8:25  Engineering Bay  
  88  8:28  Armory  
  88  8:31  Marine x2  
  90  8:34  Marauder, Marine  
  93  8:41  Siege Tank  
  93  8:45  Barracks  
  96  8:49  Marine  
  96  8:53  Marauder  
  99  8:56  Marauder, Medivac x2  
  99  8:58  Supply Depot  
  99  9:02  Terran Infantry Armor Level 1  
  105  9:04  Missile Turret  
  105  9:06  Orbital Command  
  105  9:09  SCV x2  
  107  9:17  Marauder x2, Marine x2  
  107  9:18  Siege Tank  
  107  9:21  SCV x2  
  118  9:34  Marine  
  118  9:35  Marine  
  118  9:37  Command Center  
  118  9:38  Marine x2  
  121  9:39  Refinery, Barracks  
  121  9:43  Barracks Reactor  
  121  9:44  Refinery  
  122  9:47  Terran Vehicle Weapons Level 1  
  122  9:50  Siege Tank  
  122  9:52  Marine x2, Supply Depot  
  125  9:56  Marauder  
  129  10:00  Medivac x2  
  133  10:11  Supply Depot  
  133  10:13  SCV x3, Supply Depot  
  136  10:18  Marauder  
  136  10:19  Marauder, Marine  
  141  10:22  Liberator x2  
  141  10:24  Terran Infantry Weapons Level 2  
  141  10:32  Marine x3  
  141  10:33  SCV x2, Supply Depot, Siege Tank  
  141  10:34  Supply Depot  
  149  10:36  Marine, Supply Depot  
  149  10:39  Marauder  
  149  10:40  Marauder  
  160  10:48  Supply Depot  
  160  10:50  Marine x3, Supply Depot  
  160  10:54  Marine x2  
  165  11:01  Marauder x2  
  169  11:05  Liberator x2, Siege Tank  
  169  11:08  Marine  
  170  11:22  Orbital Command  
  172  11:42  Marine x4  
  172  11:43  Marine x3  
  179  12:00  Marine x6  
  179  12:01  Marine  
  175  12:18  Marine  
  175  12:19  Orbital Command  
  156  12:36  Marauder x2, Marine x5  
  157  12:54  Marine x5  
  157  12:57  Marine x2  
Show
View Real Time Build Order
Export as new Build Order

SEiSHiN Terran 

Build Orders: MMM Bio 

Get SALT Encoding   

  12  0:00  SCV  
  13  0:13  SCV  
  14  0:18  Supply Depot  
  14  0:25  SCV  
  15  0:40  SCV  
  15  0:41  Barracks  
  16  0:45  Refinery  
  16  0:52  SCV  
  17  1:04  SCV  
  18  1:16  SCV  
  19  1:30  Barracks Reactor  
  19  1:31  Orbital Command  
  19  1:45  Command Center  
  19  1:57  SCV  
  20  2:02  Supply Depot  
  20  2:07  Marine x2  
  22  2:12  Factory  
  22  2:15  SCV  
  23  2:20  Refinery  
  23  2:28  Marine x2  
  25  2:31  SCV  
  26  2:37  Barracks  
  25  3:09  Orbital Command  
  25  3:13  SCV  
  25  3:14  Marine x2  
  25  3:19  Barracks  
  28  3:25  Barracks Tech Lab  
  28  3:30  SCV, Starport  
  29  3:34  Marine  
  29  3:36  Marine  
  31  3:45  Stimpack  
  31  3:46  SCV  
  33  3:48  SCV  
  33  3:52  Marine  
  34  3:58  SCV  
  34  4:00  SCV  
  36  4:03  Marine  
  36  4:04  Marine  
  38  4:10  SCV, Medivac  
  38  4:12  SCV  
  38  4:15  Barracks Reactor  
  42  4:18  Factory Tech Lab  
  42  4:21  Marine  
  42  4:23  SCV, Marine x2  
  46  4:30  Supply Depot  
  46  4:32  Supply Depot  
  46  4:51  Marine x3  
  46  4:52  SCV x2, Siege Tank  
  54  4:53  Marine  
  54  4:54  Marine  
  54  4:55  Medivac  
  58  5:04  SCV  
  59  5:08  SCV  
  59  5:16  SCV, Command Center, Marine x2  
  62  5:23  Supply Depot  
  62  5:29  Supply Depot  
  62  5:30  Marine x3  
  62  5:35  Siege Tank  
  68  5:36  Starport Reactor  
  59  5:53  Marine x5  
  63  6:06  SCV  
  63  6:07  SCV  
  63  6:10  Refinery  
  65  6:11  Supply Depot x2  
  65  6:13  Combat Shields  
  65  6:14  Marine x5  
  65  6:16  Medivac  
  72  6:21  Engineering Bay  
  72  6:26  Siege Tank  
  72  6:31  SCV x2  
  77  6:39  Marine x5  
  82  6:55  Medivac  
  82  6:56  Medivac  
  82  6:57  SCV  
  82  6:59  Orbital Command  
  82  7:00  SCV  
  88  7:03  Terran Infantry Weapons Level 1  
  88  7:06  Marine x3  
  88  7:07  Marine x2  
  93  7:09  SCV  
  93  7:10  Siege Tank  
  93  7:15  Supply Depot  
  97  7:16  Supply Depot  
  97  7:24  SCV  
  97  7:25  SCV x2  
  97  7:27  Marine x4  
  97  7:28  Marine  
  105  7:30  Medivac  
  105  7:32  Medivac  
  109  7:41  Supply Depot x2  
  101  8:16  SCV x3  
  104  8:21  Marine  
  104  8:22  Marine x4  
  104  8:24  Medivac x2  
  104  8:25  Siege Tank  
  116  8:28  SCV x3  
  116  8:32  Supply Depot, Barracks  
  116  8:33  Barracks, Supply Depot  
  119  8:35  Missile Turret  
  119  8:39  Missile Turret, Marine  
  119  8:40  SCV, Missile Turret  
  121  8:46  Marine x3  
  121  8:47  Marine  
  125  8:51  SCV x2  
  125  8:52  SCV  
  128  9:03  Medivac x2, Siege Tank  
  135  9:10  Barracks x3  
  135  9:12  Marine x5  
  135  9:14  SCV x3  
  135  9:16  Terran Infantry Armor Level 1  
  143  9:22  Armory  
  143  9:27  Refinery, Barracks Reactor  
  144  9:31  SCV x2  
  144  9:32  SCV  
  144  9:34  Marine, Supply Depot x2  
  144  9:35  Marine x4  
  152  9:41  Barracks Reactor  
  152  9:45  SCV x3  
  154  9:50  Command Center  
  154  9:54  Marine x5  
  154  9:57  Medivac x2  
  154  9:58  Marine  
  154  9:59  Marine x2  
  166  10:03  SCV x2  
  166  10:04  SCV  
  169  10:11  Marine  
  169  10:12  Marine x4  
  169  10:13  Marine x2  
  176  10:15  Siege Tank  
  179  10:35  SCV x2  
  181  10:37  Barracks Reactor x2  
  181  10:38  Barracks Reactor  
  181  10:45  Supply Depot  
  181  10:49  Supply Depot  
  181  11:02  SCV, Medivac x2, Marine x9  
  183  11:21  Marine x8  
  183  11:22  Marine x3  
  183  11:23  Marine x4  
  192  11:27  Siege Tank  
  192  11:28  SCV x3  
  196  11:39  Marine x2  
  198  11:40  Barracks x2  
  198  11:42  Barracks  
  198  11:44  Barracks  
  198  11:46  Marine  
  199  11:47  Marine  
  200  11:59  Command Center  
  200  12:01  Engineering Bay  
  136  12:32  Marine x8  
  140  12:44  Marine  
  140  12:45  Marine x5  
  140  12:50  SCV x3, Marine  
  150  13:02  SCV  
Tags
 
Add a new tag
Caveats
  • Supply blocks, unpowered buildings, or Contaminate may cause inaccurate times.
  • Supply counts are checked every 10 seconds.